 Dungeon Crawl Stone Soup version 0.20.2-3-g29329e0561 (webtiles) character file.

410 Alfie the Covered (level 6, -6/55 HPs)
             Began as a Hill Orc Fighter on Nov 8, 2023.
             Killed by nerve-wracking pain
             ... invoked by Grinder
              (7 damage)
             ... on level 5 of the Dungeon.
             The game lasted 00:08:33 (2737 turns).

Alfie the Covered (Hill Orc Fighter)                Turns: 2737, Time: 00:08:33

Health: -6/55      AC:  8    Str: 16 (21) XL:     6   Next: 89%
Magic:  6/6        EV:  7    Int:  7 (10) God:
Gold:   305        SH:  9    Dex: 10      Spells: 5/5 levels left

rFire    . . .     SeeInvis .   a - +0 rapier
rCold    . . .     Gourm    .   c - +0 shield
rNeg     . . .     Faith    .   b - +0 scale mail
rPois    .         Spirit   .   (no helmet)
rElec    .         Reflect  .   (no cloak)
rCorr    .         Harm     .   p - +0 pair of gloves
MR       .....                  (no boots)
Stlth    ..........             (no amulet)
Regen    0.2/turn               (no ring)
MPRegen  0.1/turn               (no ring)

@: no status effects
A: clever 1, deterioration 1
a: no special abilities


You were on level 5 of the Dungeon.
You were not hungry.

You visited 1 branch of the dungeon, and saw 5 of its levels.

You collected 305 gold pieces.

Inventory:

Hand Weapons
 a - a +0 rapier (weapon)
Armour
 b - a +0 scale mail (worn)
 c - a +0 shield (worn)
 p - a +0 pair of gloves (worn)
Wands
 s - a wand of digging (10/24)
Scrolls
 g - 2 scrolls of amnesia
 h - a scroll of fog
 i - a scroll of immolation {unknown}
 k - a scroll of enchant weapon {unknown}
 l - a scroll of random uselessness {unknown}
 m - 3 scrolls of remove curse
 q - a scroll of identify
 r - a scroll of blinking {unknown}
 t - a scroll of fear {unknown}
Potions
 d - a potion of brilliance
 e - 2 potions of curing
 o - a potion of agility
Comestibles
 f - 5 bread rations
 j - 3 meat rations


   Skills:
 + Level 4.8 Fighting
 + Level 4.6 Short Blades
 + Level 5.0 Armour
 + Level 1.0 Dodging
 + Level 0.3 Stealth
 + Level 4.2 Shields


You had 5 spell levels left.
You didn't know any spells.

Dungeon Overview and Level Annotations

Branches:
Dungeon (5/15)
 Temple: D:4-7

Altars:
Cheibriados
Hepliaklqana
Makhleb
Nemelex Xobeh
Ru
Sif Muna
Uskayaw
Xom
Yredelemnul

Annotations:
D:5 Grinder


Innate Abilities, Weirdness & Mutations

Your mind is acute. (Int +2)
Your body sometimes deteriorates upon taking damage.


Message History

Grinder is heavily wounded.
Grinder hits you but does no damage.
You completely miss Grinder.
Grinder is heavily wounded.
Grinder blinks!
You cannot move.
You cannot move.
You feel less wooden.
Your +0 pair of gloves unmelds from your body.
Your +0 scale mail unmelds from your body.
Grinder gestures at you. Pain shoots through your body!
* * * LOW HITPOINT WARNING * * *
Your body deteriorates!
You feel weakened. Grinder gestures at you. Pain shoots through your body!
* * * LOW HITPOINT WARNING * * *
Grinder gestures at you. Pain shoots through your body!
You die...

#..†)<.............#
#....####..............#
#... .....[.##....######
#.. ###...####...### #.
#...# #.....# #
#...####.....#
#............#
#............####
......?.@.5.....
...####......... ..
####...... . ......
...... ..... .... ....


You could see Grinder.

Vanquished Creatures
  The ghost of Alfie the Shield-Bearer, an amateur HOFi (D:4)
  2 orc wizards (D:3)
  2 iguanas (D:4)
  2 worker ants (D:4)
  6 adders
  A worm (D:2)
  3 dart slugs
  5 leopard geckos
  10 orcs
  A ball python (D:3)
  2 giant cockroaches
  6 goblins
  8 hobgoblins
  3 jackals (D:2)
  5 kobolds
  2 quokkas
  6 bats
  3 frilled lizards
  A jackal skeleton (D:4)
  5 rats
  A spectral orc (D:3)
75 creatures vanquished.

Vanquished Creatures (others)
  An orc wizard (D:3)
  2 orcs (D:3)
3 creatures vanquished.

Grand Total: 78 creatures vanquished

Notes
Turn   | Place    | Note
-------+----------+-------------------------------------------
     0 | D:1      | Alfie the Hill Orc Fighter began the quest for the Orb.
     0 | D:1      | Reached XP level 1. HP: 19/19 MP: 1/1
    91 | D:1      | Reached XP level 2. HP: 25/27 MP: 2/2
   487 | D:2      | Reached XP level 3. HP: 31/33 MP: 3/3
   666 | D:2      | Reached skill level 4 in Armour
   666 | D:2      | Reached XP level 4. HP: 24/41 MP: 4/4
   927 | D:2      | Found a hazy altar of Hepliaklqana.
   928 | D:2      | Found a shimmering altar of Xom.
   929 | D:2      | Noticed a spectral ugly thing
  1132 | D:2      | Found a burning altar of Makhleb.
  1134 | D:2      | Noticed a blizzard demon
  1350 | D:3      | Found a hide-covered altar of Uskayaw.
  1352 | D:3      | Found a sacrificial altar of Ru.
  1358 | D:3      | Found a sparkling altar of Nemelex Xobeh.
  1358 | D:3      | Found a deep blue altar of Sif Muna.
  1443 | D:3      | Reached XP level 5. HP: 47/47 MP: 5/5
  1510 | D:3      | Gained mutation: Your body sometimes deteriorates upon taking damage. [potion of mutation]
  1510 | D:3      | Gained mutation: Your mind is acute. (Int +2) [potion of mutation]
  1519 | D:3      | HP: 2/47 [orc/hand axe (3)]
  1898 | D:3      | Found a basalt altar of Yredelemnul.
  2333 | D:4      | Noticed Alfie's ghost (amateur HOFi)
  2345 | D:4      | Killed Alfie's ghost
  2345 | D:4      | Reached XP level 6. HP: 38/53 MP: 6/6
  2414 | D:4      | Found a snail-covered altar of Cheibriados.
  2646 | D:4      | Reached skill level 5 in Armour
  2646 | D:4      | Reached skill level 1 in Dodging
  2680 | D:5      | Entered Level 5 of the Dungeon
  2710 | D:5      | Noticed Grinder
  2715 | D:5      | Paralysed by Grinder for 3 turns
  2722 | D:5      | Paralysed by Grinder for 2 turns
  2736 | D:5      | HP: 1/55 [Grinder/nerve-wracking pain (12)]
  2737 | D:5      | Killed from afar by Grinder

Skill      XL: |  1  2  3  4  5  6 |
---------------+-------------------+-----
Fighting       | 4 |  4.8
Armour         | 4 5 |  5.0
Short Blades   | 3 4 |  4.6
Shields        | 4 |  4.2
Dodging        | 1 |  1.0
Stealth        | |  0.3

Action                   |  1- 3 |  4- 6 || total
-------------------------+-------+-------++-------
Melee: Rapier            |   108 |   198 ||   306
  Use: Scroll            |     1 |     4 ||     5
       Potion            |       |     8 ||     8
 Stab: Invisible         |       |     1 ||     1
  Eat: Fruit             |       |     2 ||     2
       Bread ration      |       |     1 ||     1
Armor: Scale mail        |    34 |    80 ||   114
       Skin              |       |     6 ||     6
Dodge: Dodged            |    31 |    50 ||    81
Block: Shield            |    53 |    94 ||   147
